 Dungeon Crawl Stone Soup version 0.22.0-38-g04b72b8 (webtiles) character file.

19056 poirepourri the Peltast (level 12, -3/112 HPs)
             Began as a Minotaur Fighter on Aug 30, 2018.
             Was a High Priest of Okawaru.
             Slain by a seven-headed hydra (4 damage)
             ... on level 2 of the Lair of Beasts.
             The game lasted 00:08:51 (10325 turns).

poirepourri the Peltast (Minotaur Fighter)         Turns: 10325, Time: 00:08:52

Health: -3/112     AC: 11    Str: 22    XL:     12   Next: 33%
Magic:  11/11      EV:  2    Int:  5    God:    Okawaru [*****.]
Gold:   738        SH:  0    Dex: 14    Spells: 11/11 levels left

rFire    . . .     SeeInvis .   B - +1 broad axe (freeze)
rCold    . . .     Gourm    .   c - +2 shield
rNeg     + + +     Faith    .   u - +1 scale mail
rPois    ∞         Spirit   .   (helmet restricted)
rElec    .         Reflect  .   x - +2 cloak
rCorr    .         Harm     .   (no gloves)
MR       .....                  (no boots)
Stlth    ..........             h - amulet of the acrobat
HPRegen  0.28/turn              d - +3 ring of evasion
MPRegen  0.12/turn              m - +2 ring of slaying

@: petrified, slowed
A: retaliatory headbutt, horns 2
a: Heroism, Finesse, Renounce Religion


You were on level 2 of the Lair of Beasts.
You worshipped Okawaru.
Okawaru was extremely pleased with you.
You were full.

You visited 3 branches of the dungeon, and saw 13 of its levels.

You collected 738 gold pieces.

Inventory:

Hand Weapons
 a - a +4 war axe
 b - the +3 morningstar of Gionehyo {pain, +Blink rC- Dex+3}
   (You found it on level 7 of the Dungeon)

   In the hands of one skilled in necromantic magic, it inflicts extra damage on
   living creatures.
   It affects your dexterity (+3).
   It makes you vulnerable to cold.
   It lets you blink.
 B - a +1 broad axe of freezing (weapon)
Missiles
 l - 3 tomahawks (quivered)
 n - 58 bolts
 C - 5 throwing nets
Armour
 c - a +2 shield (worn)
 u - a +1 scale mail (worn)
 x - a +2 cloak (worn)
Jewellery
 d - a +3 ring of evasion (left hand)
 h - an amulet of the acrobat (around neck)
 i - an uncursed ring of stealth
 m - a +2 ring of slaying (right hand)
 p - an uncursed ring of magical power
 A - an uncursed amulet of guardian spirit
Wands
 j - a wand of paralysis (7)
 r - a wand of iceblast (4)
 s - a wand of flame (47)
 v - a wand of polymorph (27)
Scrolls
 e - 4 scrolls of fog
 g - 6 scrolls of amnesia
 t - 5 scrolls of remove curse
 y - 3 scrolls of teleportation
Potions
 k - a potion of curing
 o - a potion of lignification
 q - a potion of cancellation
 w - 3 potions of agility
 z - 2 potions of might
Comestibles
 f - 13 rations


   Skills:
 - Level 12.0 Fighting
 - Level 14.3 Axes
 - Level 3.6 Armour
 + Level 1.1 Dodging
 - Level 15.3 Shields


You had 11 spell levels left.
You didn't know any spells.
Your spell library contained the following spells:

 Spells                   Type           Power        Failure   Level  Hunger
 Magic Dart               Conj           #...         80%         1    ##.....
 Shock                    Conj/Air       #...         80%         1    ##.....
 Summon Small Mammal      Summ           #...         80%         1    ##.....
 Blink                    Tloc           N/A          90%         2    ###....
 Call Imp                 Summ           #.......     90%         2    ###....
 Ensorcelled Hibernation  Hex/Ice        #.....       90%         2    ###....
 Slow                     Hex            #.......     90%         2    ###....
 Swiftness                Chrm/Air       #.......     90%         2    ###....
 Call Canine Familiar     Summ           #.......     99%         3    ####...
 Conjure Flame            Conj/Fire      #.......     99%         3    ####...
 Mephitic Cloud           Conj/Pois/Air  #.......     99%         3    ####...
 Static Discharge         Conj/Air       #.......     99%         3    ####...
 Summon Guardian Golem    Hex/Summ       #.......     99%         3    ####...
 Airstrike                Air            #.........   100%        4    #####..
 Summon Ice Beast         Ice/Summ       #.......     100%        4    #####..
 Summon Lightning Spire   Summ/Air       #.......     100%        4    #####..
 Borgnjor's Vile Clutch   Necr/Erth      #.........   100%        5    ######.
 Lightning Bolt           Conj/Air       #.........   100%        5    ######.
 Silence                  Hex/Air        #.........   100%        5    ######.
 Darkness                 Hex            #.........   100%        6    #######
 Shadow Creatures         Summ           N/A          100%        6    #######


Dungeon Overview and Level Annotations

Branches:
Dungeon (10/15)            Temple (1/1) D:7            Lair (2/6) D:10
    Orc (0/2) D:10
  Swamp: Lair:2-4    Shoals: Lair:2-4     Snake: Lair:2-4    Spider: Lair:2-4

Altars:
Ashenzari
Cheibriados
Dithmenos
Elyvilon
Fedhas
Gozag
Hepliaklqana
Kikubaaqudgha
Makhleb
Nemelex Xobeh
Okawaru
Qazlal
Ru
Sif Muna
Trog
Uskayaw
Vehumet
Wu Jian
Xom
Yredelemnul
The Shining One

Annotations:
Lair:2 Gastronok


Innate Abilities, Weirdness & Mutations

You reflexively headbutt those who attack you in melee.
You have a pair of horns on your head.


Message History

* * * LOW HITPOINT WARNING * * *
The seven-headed hydra barely misses you.
The catoblepas breathes a plume of calcifying dust at you.
The blast of calcifying dust hits you!
The seven-headed hydra bites you but does no damage.
The seven-headed hydra closely misses you.
The seven-headed hydra bites you!
* * * LOW HITPOINT WARNING * * *
The seven-headed hydra bites you!
* * * LOW HITPOINT WARNING * * *
The seven-headed hydra bites you!
* * * LOW HITPOINT WARNING * * *
The seven-headed hydra bites you but does no damage. x2
You have turned to stone.
The catoblepas completely misses you.
The seven-headed hydra bites you but does no damage.
The seven-headed hydra bites you.
* * * LOW HITPOINT WARNING * * *
The seven-headed hydra bites you!
You die...

##.. .. .. #....
# .. ... .##P..
.#.##...
#.##..##...#.##
...........P..##
..........P§....
..........§#...#
....w...<......P
.......D@.......
....[..Y...##P..
...........# .
...........#
...........#
...........#
###...#.#..#
....###### #P###


You could see Gastronok, a catoblepas and a seven-headed hydra.

Vanquished Creatures
  Harold (Lair:1)
  A two-headed ogre (D:9)
  A deep elf mage (D:7)
  Joseph (D:10)
  2 spiny frogs (Lair:1)
  2 rime drakes (Lair:1)
  A kobold demonologist (D:8)
  A komodo dragon (Lair:1)
  8 blink frogs (Lair:1)
  2 hippogriffs
  37 yaks
  2 basilisks
  Menkaure (D:7)
  4 water moccasins (Lair:1)
  7 orc warriors
  7 porcupines
  4 sky beasts
  An ice beast (D:7)
  A hornet zombie (D:9)
  2 phantoms
  A black bear (D:6)
  4 ogres
  5 wolves (Lair:1)
  A centaur (D:10)
  4 crocodiles
  13 big kobolds (D:8)
  5 bullfrogs
  2 wyvern zombies (D:10)
  2 water moccasin zombies
  A wyvern skeleton (D:8)
  3 scorpions
  8 killer bees
  3 wights (D:6)
  A howler monkey (D:8)
  6 crimson imps
  2 centaur zombies
  4 hounds
  A bullfrog zombie (D:8)
  5 orc priests
  3 jellies
  10 orc wizards
  A quasit (D:10)
  2 centaur skeletons
  4 iguanas
  A bullfrog skeleton (D:10)
  7 worker ants
  A hound zombie (D:9)
  2 hound skeletons
  Robin (D:3)
  11 adders
  A howler monkey skeleton (D:8)
  2 oozes
  4 adder skeletons
  An adder zombie (D:6)
  4 worms
  2 dart slugs
  3 leopard geckos
  42 orcs
  6 bats
  3 giant cockroaches
  11 goblins
  9 hobgoblins
  8 jackals
  5 quokkas
  3 ball pythons
  5 frilled lizards
  9 kobolds
  2 quokka skeletons
  A quokka zombie (D:10)
  7 rats
  A fungus (Lair:1)
  A plant (Lair:1)
330 creatures vanquished.

Vanquished Creatures (others)
  2 bushes (D:10)
  2 fungi (D:10)
  19 plants
23 creatures vanquished.

Grand Total: 353 creatures vanquished

Notes
Turn   | Place    | Note
-------+----------+-------------------------------------------
     0 | D:1      | poirepourri the Minotaur Fighter began the quest for the Orb.
     0 | D:1      | Reached XP level 1. HP: 19/19 MP: 0/0
    82 | D:1      | Reached XP level 2. HP: 25/26 MP: 1/1
   803 | D:2      | Reached XP level 3. HP: 31/31 MP: 2/2
  1078 | D:3      | Reached skill level 5 in Axes
  1091 | D:3      | Reached XP level 4. HP: 13/39 MP: 3/3
  1595 | D:3      | Noticed Robin
  1606 | D:3      | Killed Robin
  1678 | D:3      | Reached XP level 5. HP: 33/45 MP: 4/4
  2075 | D:4      | Noticed an ogre
  2080 | D:4      | Killed an ogre
  2080 | D:4      | Reached XP level 6. HP: 51/51 MP: 5/5
  2131 | D:4      | Found a snail-covered altar of Cheibriados.
  2398 | D:5      | Entered Level 5 of the Dungeon
  2488 | D:5      | Reached XP level 7. HP: 47/57 MP: 6/6
  2666 | D:5      | Reached skill level 10 in Axes
  3129 | D:6      | Noticed a yak
  3129 | D:6      | Noticed a yak
  3129 | D:6      | Noticed a yak
  3129 | D:6      | Noticed a yak
  3130 | D:6      | Noticed a yak
  3135 | D:6      | Killed a yak
  3135 | D:6      | Reached XP level 8. HP: 56/64 MP: 7/7
  3455 | D:6      | Reached XP level 9. HP: 51/70 MP: 8/8
  3554 | D:6      | Found an ornate altar of the Wu Jian Council.
  4474 | D:7      | Found a glowing golden altar of the Shining One.
  4510 | D:7      | Reached skill level 5 in Fighting
  4545 | D:7      | Got a shimmering morningstar
  4546 | D:7      | Identified the +3 morningstar of Gionehyo {pain, +Blink rC- Dex+3} (You found it on level 7 of the Dungeon)
  4735 | D:7      | Found a staircase to the Ecumenical Temple.
  4783 | Temple   | Entered the Ecumenical Temple
  5107 | Temple   | Became a worshipper of Warmaster Okawaru
  5231 | D:7      | Noticed Menkaure
  5242 | D:7      | Killed Menkaure
  5398 | D:7      | Noticed a deep elf mage
  5412 | D:7      | Killed a deep elf mage
  5412 | D:7      | Reached XP level 10. HP: 55/92 MP: 9/9
  5815 | D:8      | Reached skill level 10 in Fighting
  5893 | D:8      | Reached * piety under Okawaru
  5933 | D:8      | Reached ** piety under Okawaru
  6290 | D:8      | Found a glowing golden altar of the Shining One.
  6404 | D:9      | Noticed a two-headed ogre
  6416 | D:9      | Killed a two-headed ogre
  6416 | D:9      | Reached skill level 5 in Shields
  6438 | D:9      | Reached skill level 6 in Shields
  6977 | D:9      | Reached skill level 7 in Shields
  7165 | D:9      | Reached *** piety under Okawaru
  7274 | D:10     | Entered Level 10 of the Dungeon
  7279 | D:10     | Found a staircase to the Lair.
  7296 | D:10     | HP: 3/97 [porcupine (6)]
  7405 | D:10     | Reached skill level 8 in Shields
  7530 | D:10     | Reached XP level 11. HP: 71/104 MP: 10/10
  7713 | D:10     | Reached skill level 9 in Shields
  7801 | D:10     | Reached **** piety under Okawaru
  7815 | D:10     | Reached skill level 10 in Shields
  7996 | D:10     | Noticed Joseph
  7997 | D:10     | Paralysed by Joseph for 2 turns
  8005 | D:10     | Paralysed by Joseph for 5 turns
  8017 | D:10     | Paralysed by Joseph for 5 turns
  8031 | D:10     | Paralysed by Joseph for 3 turns
  8039 | D:10     | Killed Joseph
  8196 | D:10     | Reached ***** piety under Okawaru
  8477 | D:10     | Reached skill level 11 in Shields
  8545 | D:10     | Reached skill level 12 in Shields
  8771 | D:10     | Found a staircase to the Orcish Mines.
  9021 | Lair:1   | Entered Level 1 of the Lair of Beasts
  9030 | Lair:1   | Received a gift from Okawaru
  9305 | Lair:1   | Reached skill level 13 in Shields
  9364 | Lair:1   | Found a frozen archway.
  9369 | Lair:1   | Reached skill level 14 in Shields
  9369 | Lair:1   | Reached XP level 12. HP: 92/112 MP: 11/11
  9684 | Lair:1   | Noticed Harold
  9694 | Lair:1   | Killed Harold
  9694 | Lair:1   | Received a gift from Okawaru
  9862 | Lair:1   | Reached skill level 15 in Shields
 10094 | Lair:1   | Reached skill level 1 in Dodging
 10313 | Lair:2   | Noticed Gastronok
 10313 | Lair:2   | Noticed a catoblepas
 10315 | Lair:2   | Noticed a six-headed hydra
 10324 | Lair:2   | HP: 3/112 [seven-headed hydra (5)]
 10325 | Lair:2   | HP: 1/112 [seven-headed hydra (3)]
 10325 | Lair:2   | Slain by a seven-headed hydra

Skill      XL: |  1  2  3  4  5  6  7  8  9 10 11 12 |
---------------+-------------------------------------+-----
Axes           | 3 4 5 6 7 9 11 13 14 | 14.3
Fighting       | 9 12 | 12.0
Shields        | 8 14 15 | 15.3
Dodging        | 1 |  1.1
Armour         | |  3.6

Action                   |  1- 3 |  4- 6 |  7- 9 | 10-12 || total
-------------------------+-------+-------+-------+-------++-------
Melee: War axe           |    78 |   118 |   212 |   306 ||   714
       Headbutt          |    13 |    18 |    36 |    98 ||   165
       Broad axe         |       |       |       |   134 ||   134
Invok: Heroism           |       |       |       |     1 ||     1
Evoke: Wand              |       |       |       |     4 ||     4
  Use: Scroll            |     6 |     6 |     5 |    12 ||    29
       Potion            |       |       |     5 |     6 ||    11
  Eat: Ration            |     2 |       |     3 |     5 ||    10
       Chunk             |       |       |       |     1 ||     1
Armor: Scale mail        |    33 |    22 |    63 |   110 ||   228
       Skin              |       |       |       |     4 ||     4
Dodge: Dodged            |    23 |    39 |    59 |   165 ||   286
Block: Shield            |    40 |    56 |   106 |   237 ||   439
